 Dungeon Crawl Stone Soup version 0.24.0-125-gc4c63601f3 (webtiles) character file.

Game seed: 9395092179260238082, levelgen mode: deterministic

1258 Divind the Slasher (level 8, -8/64 HPs)
             Began as a Formicid Chaos Knight on Feb 29, 2020.
             Was a Plaything of Xom.
             Killed by drain life
             ... invoked by a soul eater
             ... summoned by Xom
              (11 damage)
             ... on level 5 of the Dungeon.
             The game lasted 00:13:41 (3503 turns).

Divind the Slasher (Formicid Chaos Knight)          Turns: 3503, Time: 00:13:41

Health: -8/64      AC:  9    Str: 19    XL:     8   Next: 81%
Magic:  8/8        EV:  8    Int: 12    God:    Xom [......]
Gold:   123        SH:  6    Dex: 10    Spells: 7/7 levels left

rFire    . . .     SeeInvis +   w - +6 short sword (freeze)
rCold    . . .     Gourm    .   m - +2 buckler
rNeg     . . .     Faith    .   p - +0 chain mail
rPois    .         Spirit   .   (helmet unavailable)
rElec    .         Reflect  .   (no cloak)
rCorr    .         Harm     .   (no gloves)
MR       .....                  (no boots)
Stlth    ..........             (no amulet)
HPRegen  0.20/turn              n - ring of wizardry
MPRegen  0.11/turn              q - +3 ring of slaying

@: lightly drained
A: permanent stasis, dig shafts and tunnels, four strong arms, antennae 3
a: Dig, Shaft Self, Renounce Religion


You were on level 5 of the Dungeon.
You worshipped Xom.
You were a very special plaything of Xom.
You were full.

You visited 1 branch of the dungeon, and saw 5 of its levels.

You collected 310 gold pieces.
You spent 187 gold pieces at shops.

Inventory:

Hand Weapons
 a - a +0 falchion of chaos
 j - a +2 short sword of protection
 o - a +0 scythe of slicing
 w - a +6 short sword of freezing (weapon)
Armour
 b - a +2 leather armour
 k - a +0 ring mail
 m - a +2 buckler (worn)
 p - a +0 chain mail (worn)
Jewellery
 n - a ring of wizardry (left hand)
 q - a +3 ring of slaying (right hand)
 y - an uncursed ring of protection from fire
Wands
 l - a wand of polymorph (8)
 s - a wand of scattershot (4)
Scrolls
 f - 6 scrolls of remove curse
 i - a scroll of blinking {unknown}
 r - 2 scrolls of identify
 t - 2 scrolls of immolation
 x - 2 scrolls of enchant armour
Potions
 d - 3 potions of degeneration
 e - 3 potions of flight
 g - 3 potions of might
 h - a potion of invisibility
 u - a potion of agility
 v - a potion of heal wounds {unknown}
Comestibles
 c - 9 rations


   Skills:
 + Level 5.8(5.4) Fighting
 + Level 1.9(4.2) Short Blades
 + Level 6.5(6.4) Long Blades
 + Level 0.7(0.4) Polearms
 + Level 4.6(4.2) Armour
 + Level 2.7(2.4) Dodging
 + Level 4.2(3.8) Stealth
 + Level 2.2(1.9) Shields


You had 7 spell levels left.
You didn't know any spells.
Your spell library contained the following spells:

 Spells                   Type           Power        Failure   Level  Hunger
 Magic Dart               Conj           #...         82%         1    ##.....
 Call Imp                 Summ           #.......     91%         2    ###....
 Slow                     Hex            #.......     91%         2    ###....
 Conjure Flame            Conj/Fire      #.......     99%         3    ####...
 Mephitic Cloud           Conj/Pois/Air  #.......     99%         3    ####...
 Blink                    Tloc           Unusable     N/A         2    N/A

Dungeon Overview and Level Annotations

Branches:
Dungeon (5/15)
 Temple: D:4-7

Altars:
Cheibriados
Zin

Shops:
D:5 ?


Innate Abilities, Weirdness & Mutations

You cannot be hasted, slowed, berserked, paralysed or teleported.
You can dig through walls and to a lower floor.
Your four strong arms can wield two-handed weapons with a shield.
You have a pair of large antennae on your head. (SInv)


Message History

You puncture the sky beast! You freeze the sky beast.
You kill the sky beast!
The soul eater hits you!
You feel drained. The white imp gestures at you. The puff of frost hits you.
* * * LOW HITPOINT WARNING * * *
You see here a sky beast corpse.
You hit the soul eater. You freeze the soul eater.
The soul eater is lightly wounded.
You hit the soul eater but do no damage.
The soul eater is lightly wounded.
The sky beast flickers out of sight for a moment.
The soul eater draws from the surrounding life force!
* * * LOW HITPOINT WARNING * * *
The soul eater is healed.
The soul eater draws from the surrounding life force!
* * * LOW HITPOINT WARNING * * *
The soul eater draws from the surrounding life force!
You die...
Xom howls with laughter!

#.###.###.# #.##.# #.# #?#
#.# #.#..## #.# #.###.#
#.#...# #.###..##.##
##.##..#
......##...#####...#..#
#.#.#.#..#.......#.5Y.#
#......#...### #..3#5.#
#......##.##.####.##..##
#..............<@........?#
........####.######...###.#
........# #.# #...#
......######.# #.....
..........##.# #....##
...>..###.##.. .....#
###...# #.#### ..#...
#...###.# #.......#####.#


You could see a soul eater, a sky beast (invisible) and a white imp.

Vanquished Creatures
  A meliai (shapeshifter) (D:4)
  Sigmund (D:4)
  Menkaure (D:4)
  An ogre (D:4)
  A sky beast (D:5)
  A centaur (D:5)
  Dowan (D:4)
  2 scorpions
  A crimson imp (D:5)
  A bullfrog skeleton (D:4)
  A hound (D:5)
  An orc priest (D:4)
  A centaur skeleton (D:5)
  2 worker ants (D:5)
  A hound skeleton (D:5)
  A worker ant zombie (D:5)
  3 adders
  An ooze (D:3)
  4 dart slugs
  4 leopard geckos
  5 orcs
  2 ball pythons
  5 giant cockroaches
  3 hobgoblins
  8 jackals
  11 kobolds
  3 quokkas
  11 bats
  2 frilled lizards
  A giant cockroach zombie (D:5)
  9 goblins
  2 leopard gecko skeletons (D:4)
  5 rats
97 creatures vanquished.

Vanquished Creatures (collateral kills)
  An ogre (D:3)
1 creature vanquished.

Grand Total: 98 creatures vanquished

Notes
Turn   | Place    | Note
-------+----------+-------------------------------------------
     0 | D:1      | Divind the Formicid Chaos Knight began the quest for the
                  | Orb.
     0 | D:1      | Reached XP level 1. HP: 18/18 MP: 1/1
   108 | D:1      | XOM: potion effect (agility)
   108 | D:1      | Reached XP level 2. HP: 24/24 MP: 2/2
   242 | D:1      | XOM: silly message
   375 | D:1      | Reached XP level 3. HP: 25/30 MP: 3/3
   404 | D:1      | XOM: harmless Summ miscast
   484 | D:1      | XOM: silly message
   663 | D:1      | XOM: harmless Necr miscast
   746 | D:1      | XOM: harmless Ice miscast
   827 | D:2      | XOM: silly message
   922 | D:2      | Reached skill level 1 in Dodging
   922 | D:2      | Reached XP level 4. HP: 19/37 MP: 4/4
  1067 | D:2      | XOM: stat loss: -1 Int (11/12)
  1275 | D:3      | XOM: cloud trail
  1456 | D:3      | XOM: mild Air miscast
  1504 | D:3      | XOM: noise
  1598 | D:3      | Reached skill level 4 in Long Blades
  1724 | D:4      | Noticed an ogre
  1726 | D:4      | Reached skill level 1 in Stealth
  1726 | D:4      | Reached XP level 5. HP: 39/43 MP: 5/5
  1734 | D:3      | XOM: butterfly on damage
  1736 | D:3      | XOM: summons friendly white imp
  1741 | D:3      | Killed an ogre
  1741 | D:3      | Reached XP level 6. HP: 13/49 MP: 6/6
  1985 | D:4      | Noticed Sigmund
  1986 | D:4      | XOM: potion effect (heal wounds)
  2016 | D:4      | Killed Sigmund
  2016 | D:4      | Reached skill level 5 in Long Blades
  2016 | D:4      | Reached XP level 7. HP: 52/55 MP: 7/7
  2070 | D:4      | Found a glowing silver altar of Zin.
  2145 | D:4      | XOM: harmless Fire miscast
  2147 | D:4      | Noticed Menkaure
  2157 | D:4      | XOM: god gift: 21 stones
  2159 | D:4      | Killed Menkaure
  2159 | D:4      | Reached skill level 5 in Fighting
  2549 | D:4      | Reached skill level 1 in Shields
  2614 | D:4      | Noticed Duvessa
  2614 | D:4      | Noticed Dowan
  2616 | D:4      | XOM: harmless Hex miscast
  2620 | D:4      | Noticed Duvessa
  2620 | D:4      | Duvessa changed into Duvessa the shapeshifter
  2620 | D:4      | XOM: polymorph Duvessa -> Duvessa the shapeshifter
  2620 | D:4      | Noticed Duvessa
  2620 | D:4      | Duvessa the shapeshifter changed into Duvessa the hog
  2624 | D:4      | XOM: enchant monster (good)
  2626 | D:4      | XOM: chaos upgrade
  2629 | D:4      | Killed Dowan
  2633 | D:4      | Noticed Duvessa
  2633 | D:4      | Duvessa the hog changed into Duvessa the meliai
  2637 | D:4      | Killed Duvessa the meliai
  2637 | D:4      | Reached skill level 6 in Long Blades
  2637 | D:4      | Reached XP level 8. HP: 8/63 MP: 8/8
  2889 | D:4      | XOM is BORED!
  2889 | D:4      | XOM: medium Summ miscast
  2890 | D:4      | XOM: butterfly on damage
  2993 | D:5      | XOM: stealth player
  2993 | D:5      | Entered Level 5 of the Dungeon
  3029 | D:5      | XOM: summons 1 hostile shadow creature
  3133 | D:5      | Found a snail-covered altar of Cheibriados.
  3161 | D:5      | Found Sosk's Magic Scroll Shoppe.
  3168 | D:5      | Bought a scroll of identify for 30 gold pieces
  3168 | D:5      | Bought a scroll of enchant armour for 112 gold pieces
  3168 | D:5      | Bought a scroll of remove curse for 45 gold pieces
  3278 | D:5      | Reached skill level 1 in Short Blades
  3284 | D:5      | XOM is BORED!
  3322 | D:5      | XOM: summons 1 hostile shadow creature
  3490 | D:5      | XOM: summons 3 hostile demons
  3491 | D:5      | Noticed a soul eater
  3501 | D:5      | HP: 3/64 [soul eater/drain life[Xom] (1)]
  3503 | D:5      | Killed from afar by a soul eater

Levels and vault maps discovered:
D:1:      zelgadis_glass_arrival_small, layout_basic, serial_bayou,
          serial_bayou_crossing, serial_bayou_ford_a, serial_bayou_shore_a,
          serial_bayou_pond_e
D:2:      layout_rooms, minmay_tetromino_l2
D:3:      layout_rooms, first_ration, corexii_item_surrounded_by_moat
D:4:      layout_rooms, overflow_temple_1_default, uniq_duvessa, uniq_sigmund,
          uniq_menkaure
D:5:      layout_loops_ring, basic_altar, serial_shops, nicolae_shop_crystal,
          minmay_misc_feat_tower

Skill      XL: |  1  2  3  4  5  6  7  8 |
---------------+-------------------------+-----
Fighting       | 4 5 |  5.8
Dodging        | 1 2 |  2.7
Long Blades    | 4 5 6 |  6.5
Stealth        | 1 2 3 4 |  4.2
Armour         | 3 4 |  4.6
Shields        | 1 2 |  2.2
Short Blades   | 1 |  1.9
Polearms       | |  0.7

Action                   |  1- 3 |  4- 6 |  7- 9 || total
-------------------------+-------+-------+-------++-------
Melee: Falchion          |   105 |    94 |    42 ||   241
       Scythe            |       |       |    13 ||    13
       Short sword       |       |       |    67 ||    67
  Use: Scroll            |     5 |     3 |     3 ||    11
       Potion            |       |     2 |     5 ||     7
 Stab: Petrifying        |     1 |       |       ||     1
       Petrified         |       |     3 |     3 ||     6
       Confused          |       |     1 |       ||     1
  Eat: Ration            |       |     2 |     2 ||     4
Armor: Leather armour    |    58 |    38 |       ||    96
       Chain mail        |       |    21 |    65 ||    86
Dodge: Dodged            |    90 |    56 |    31 ||   177
Block: Buckler           |       |     4 |    24 ||    28
       Rpst.: Falchion   |    29 |    19 |     2 ||    50
